Unix NetHack Version 5.0.0-0 post-release - last build Jul 14 2026 02:55:29 (1809b74e8187c3a3585e283601c3028b46cbbdcb,branch:main).

Game began 2026-07-14 21:24:04, ended 2026-07-14 21:41:39.

Jinnora, neutral female human Wizard

     -----------      ------
     |.........|      |....|
     |.........|      |...^|
     |......[..|      |....|   ##########################################
     |...>.^%..|   #[#.....|#### -------------                      ----|-
     -----.--.--      |....|#    |C.........C|                   ###-....|
          ########    ---.--#    |.....C.....|                 ###  |<...|
          ###    ############    |...--.--N@.|                ##    |....|
          #              #       |...|.{.|.e.|               ##     ------
       ####              #       |..C|{.{|C..|             ###
  -----.------#          #       |...|.{.|...|          ####
  |...........##### -+---.-      |...-----...|          #
  |..........|#   [ |.....| ###  |.....C....n.###########
  |.......[..|#   # |......##### |C.........C|
  |...........#   # |.....| #    -------------
  |..........|    ##......| #
  ------------      |......##
                    -------

Jinnora the Thaumaturge   St:8 Dx:17 Co:13 In:18 Wi:11 Ch:12  Neutral
Dlvl:5  $:62 HP:0(34) Pw:54(54) AC:9  Xp:6/400 T:3076  Fainting

Latest messages:
 The leprechaun hits!
 Your purse feels lighter.
 The leprechaun vanishes!
 Where do you want to travel to?
 (For instructions type a '?')
 You are beginning to feel hungry.
 Where do you want to travel to?
 (For instructions type a '?')
 You find a hidden door.
 In what direction? 4
 The door opens.
 The magic-absorbing blade scares the fox!
 You kill the fox!
 You destroy the gnome zombie!
 The dwarf zombie hits!
 You destroy the dwarf zombie!
 You hit the dwarf zombie!
 The magic-absorbing blade probes the dwarf zombie!
 You destroy the dwarf zombie!
 You see here a statue of a plains centaur.
 You kill the green mold!
 Wizard needs food, badly!
 What do you want to eat? [vP or ?*] ?
 This fortune cookie is delicious!
 You only feel hungry now.
 This cookie has a scrap of paper inside.
 It reads:
 You might trick a shopkeeper if you're invisible.
 You see here a statue of a plains centaur.
 You see here a statue of a plains centaur.
 "Hello, Jinnora, welcome to Delphi!"
 You hit the floating eye!
 You are frozen by the floating eye's gaze!
 Wizard needs food, badly!
 The guardian naga hatchling bites!
 The guardian naga hatchling bites!
 The guardian naga hatchling bites!
 The guardian naga hatchling bites!
 The guardian naga hatchling bites!
 The guardian naga hatchling bites!
 The guardian naga hatchling bites!
 The guardian naga hatchling bites!
 The guardian naga hatchling bites!
 The guardian naga hatchling bites!
 The guardian naga hatchling bites!
 The guardian naga hatchling bites!
 The guardian naga hatchling bites!
 The guardian naga hatchling bites!
 You die...
 Do you want your possessions identified? [ynq] (y) q

Inventory:
 Coins    ('$')
  $ - 62 gold pieces
 Weapons  (')')
  a - the uncursed rustproof +4 Magicbane (weapon in right hand)
 Armor    ('[')
  T - an uncursed +0 pair of gauntlets of dexterity
  b - an uncursed +0 cloak of magic resistance (being worn)
 Comestibles  ('%')
  v - an uncursed food ration
 Scrolls  ('?')
  t - a cursed scroll of destroy armor
  j - an uncursed scroll of enchant armor
  L - an uncursed scroll of identify
  D - 2 uncursed scrolls of light
  k - an uncursed scroll of magic mapping
  O - an uncursed scroll of punishment
  i - an uncursed scroll of scare monster
 Potions  ('!')
  S - an uncursed potion of extra healing
  g - an uncursed potion of healing
  o - an uncursed potion of oil
  h - an uncursed potion of restore ability
  U - an uncursed potion of see invisible
  f - 2 uncursed potions of water
 Rings    ('=')
  d - an uncursed ring of fire resistance
  J - an uncursed -1 ring of gain strength
  e - an uncursed +2 ring of increase damage
  R - an uncursed ring of poison resistance
 Wands    ('/')
  F - an uncursed wand of digging (0:4)
  M - an uncursed wand of polymorph (0:6)
  c - an uncursed wand of teleportation (0:5)
 Tools    ('(')
  K - an uncursed brass lantern
  p - an uncursed can of grease (0:18)
  n - an uncursed magic marker (0:19)
  y - an uncursed +0 pick-axe
  C - an uncursed tallow candle
  z - an uncursed tin whistle
  Q - an uncursed tin whistle
 Gems/Stones  ('*')
  N - an uncursed worthless piece of orange glass
  B - 2 uncursed worthless pieces of violet glass
  x - 3 uncursed worthless pieces of white glass

Jinnora the Wizard's attributes:

Background:
 You were a Thaumaturge, a level 6 female human Wizard.
 You were neutral, on a mission for Thoth
 who was opposed by Ptah (lawful) and Anhur (chaotic).
 You were right-handed.
 You were in the Dungeons of Doom, on level 5.
 You entered the dungeon 3076 turns ago.
 There was a new moon in effect when your adventure ended.
 You had 400 experience points, 240 more were needed to attain level 7.

Basics:
 You had 0 out of 34 hit points.
 You had all 54 energy points (spell power).
 Your armor class was 9.
 Your wallet contained 62 zorkmids.
 Autopickup was off.

Final Characteristics:
 Your strength was 8 (base:9, limit:18/100).
 Your dexterity was 17 (limit:18).
 Your constitution was 13 (limit:18).
 Your intelligence was 18 (limit:18).
 Your wisdom was 11 (limit:18).
 Your charisma was 12 (limit:18).

Final Status:
 You were fainting due to starvation.
 You were unencumbered.
 You were wielding a dagger.
 You had basic skill with dagger.

Final Attributes:
 You were piously aligned.
 You were magic-protected.
 You were warded.
 You are dead.

Miscellaneous:
 You didn't encounter any bones levels.
 Total elapsed playing time was 17 minutes and 35 seconds.

Major events:
 Turn
    1: Jinnora the neutral female human Wizard entered the dungeon
  521: attained the rank of Conjurer (level 3)
  533: was bestowed with Magicbane by Thoth
  669: entered the Gnomish Mines
 2551: attained the rank of Thaumaturge (level 6)
 3076: killed by a guardian naga hatchling, while frozen by a floating eye's gaze

Spells:
 Name                 Level Category     Fail Retention
 force bolt             1   attack         0%   81%-90%
 detect monsters        1   divination     0%  76%-100%
 turn undead            6   clerical     100%  76%-100%

Skills:
 Fighting Skills
   bare handed combat [Unskilled]
   riding             [Unskilled]
 Weapon Skills
   dagger             [Basic]
   knife              [Unskilled]
   axe                [Unskilled]
   short sword        [Unskilled]
   club               [Unskilled]
   mace               [Unskilled]
   quarterstaff       [Basic]
   polearms           [Unskilled]
   spear              [Unskilled]
   trident            [Unskilled]
   sling              [Unskilled]
   dart               [Unskilled]
   shuriken           [Unskilled]
 Spellcasting Skills
   attack spells      [Basic]
   healing spells     [Unskilled]
   divination spells  [Unskilled]
   enchantment spells [Basic]
   clerical spells    [Unskilled]
   escape spells      [Unskilled]
   matter spells      [Unskilled]

Voluntary challenges:
 Character rerolling was not enabled.
 You never genocided any monsters.
 You never polymorphed an object.
 You never changed form.
 You used no wishes.
Achievements:
 You attained the rank of Conjurer.
 You entered the Gnomish Mines.
 You entered a shop.
 You attained the rank of Thaumaturge.

 The Dungeons of Doom: levels 1 to 6
    Level 1:
       An altar to Thoth, a fountain.
    Level 2:
       Stairs down to The Gnomish Mines.
    Level 3:
       A weapon shop, some fountains.
    Level 4:
       A grave.
    Level 5: <- You were here.
       Many fountains.
       Oracle of Delphi.
       Final resting place for
          you, killed by a guardian naga hatchling, while frozen by a floating eye's gaze.
    Level 6:
 The Gnomish Mines: levels 3 to 4
    Level 3:
    Level 4:


Vanquished creatures:
  a gnome mummy
  2 gnome leaders
  3 kittens
  5 dwarves
  2 homunculi
  a kobold shaman
  3 rothes
  a centipede
  2 giant bats
 an orc zombie
  2 dwarf zombies
  a werejackal
 an iguana
 an acid blob
  a coyote
  a hobbit
  8 manes
  a hobgoblin
  2 cave spiders
  a brown mold
  a yellow mold
  a green mold
  3 red molds
  8 gnomes
  a gnome zombie
  5 foxes
  2 kobolds
  5 goblins
  a sewer rat
  a grid bug
  2 bats
  6 lichens
  a kobold zombie
  5 newts
82 creatures vanquished.

No species were genocided or became extinct.

Game over:
                       ----------
                      /          \
                     /    REST    \
                    /      IN      \
                   /     PEACE      \
                  /                  \
                  |     Jinnora      |
                  |      62 Au       |
                  |   killed by a    |
                  |  guardian naga   |
                  |    hatchling     |
                  |                  |
                  |       2026       |
                 *|     *  *  *      | *
        _________)/\\_//(\/(/\)/\//\/|_)_______

Goodbye Jinnora the Wizard...

You died in The Dungeons of Doom on dungeon level 5 with 1916 points,
and 62 pieces of gold, after 3076 moves.
You were level 6 with a maximum of 34 hit points when you died.

